 Dungeon Crawl Stone Soup version 0.25-a0-1073-gf4359a17dd (webtiles) character file.

Game seed: 18086914634944556517, levelgen mode: deterministic

206 kae the Cudgeler (level 5, 0/42 HPs)
             Began as a Demonspawn Fighter on May 14, 2020.
             Killed by nerve-wracking pain
             ... invoked by Grinder
              (9 damage)
             ... on level 3 of the Dungeon.
             The game lasted 00:01:39 (2996 turns).

kae the Cudgeler (Demonspawn Fighter)               Turns: 2996, Time: 00:01:40

Health: 0/42       AC: 11    Str: 15 (17) XL:     5   Next: 53%
Magic:  5/5        EV:  6    Int:  9 (10) God:
Gold:   144        SH: 12    Dex: 11 (12) Spells: 4/4 levels left

rFire    . . .     SeeInvis .   a - +0 flail
rCold    . . .     Gourm    .   c - +0 kite shield
rNeg     . . .     Faith    .   b - +1 scale mail
rPois    .         Spirit   .   (no helmet)
rElec    .         Reflect  .   (no cloak)
rCorr    .         Harm     .   (no gloves)
MR       .....                  (no boots)
Stlth    ..........             (no amulet)
HPRegen  0.14/turn              k - +4 ring of protection
MPRegen  0.09/turn              (no ring)

@: stab
A: large bone plates 1, spiny 1
a: no special abilities


You were on level 3 of the Dungeon.
You were hungry.

You visited 1 branch of the dungeon, and saw 3 of its levels.

You collected 144 gold pieces.

Inventory:

Hand Weapons
 a - a +0 flail (weapon)
Armour
 b - a +1 scale mail (worn)
 c - a +0 kite shield (worn)
Jewellery
 k - a +4 ring of protection (left hand)
Scrolls
 e - 2 scrolls of teleportation
 i - 2 scrolls of remove curse
 j - 3 scrolls of identify
 q - 2 scrolls of fog
Potions
 d - a potion of might
 m - a potion of degeneration
Comestibles
 f - 9 rations


   Skills:
 - Level 4.0 Fighting
 * Level 4.7 Maces & Flails
 - Level 2.6 Armour
 - Level 2.6 Shields


You had 4 spell levels left.
You didn't know any spells.
Your spell library was empty.

Dungeon Overview and Level Annotations

Branches:
Dungeon (3/15)

Altars:
Fedhas
Trog
Xom
The Shining One

Annotations:
D:3 Grinder


Innate Abilities, Weirdness & Mutations

You are partially covered in large bone plates. (SH +4)
You are partially covered in sharp spines.


Message History

You block Grinder's attack.
You closely miss Grinder.
Grinder is almost dead.
You block Grinder's attack. Grinder hits you but does no damage.
You hit Grinder but do no damage.
Grinder is almost dead.
Grinder blinks!
You barely miss Grinder.
Grinder is almost dead.
Grinder hits you but does no damage.
You closely miss Grinder.
Grinder is almost dead.
You feel less wooden.
Your +1 scale mail unmelds from your body.
You block Grinder's attack.
You closely miss Grinder.
Grinder is almost dead.
Grinder gestures at you. Pain shoots through your body!
You die...

...# #...#.## #. ##.# #.#
##.....####. #.#### #.#
#.#......... #....# #.#
#.#.#.####. ##§##.###### #.#
#...## #. ≈≈§≈§§≈≈≈≈≈# #.# ##.##
#. ≈####'####≈# #.# ##'## #.
##§≈≈.§§≈# #.# ##...## ##
#⌠§.....§⌠# ##@# ##.....## #
##≈.._..≈## ##.5# ##.......## #
#⌠≈.§.§.≈⌠####...####.........###
##≈≈§≈≈≈≈##.........'.........+..
###⌠#⌠#####.#...##.#.........###
###### #.##..##.##.......## #.# #
#..##.###.....## ###.# #.###.#
##...## ....# # #?# #.# ##+##


You could see Grinder.

Vanquished Creatures
  An orc wizard (D:3)
  An orc priest (D:3)
  A gnoll (D:1)
  4 adders
  2 oozes (D:3)
  5 worms
  3 dart slugs
  2 leopard geckos (D:2)
  5 orcs (D:3)
  A ball python (D:2)
  2 giant cockroaches (D:2)
  8 goblins
  5 hobgoblins
  3 jackals (D:1)
  8 kobolds
  6 bats
  5 frilled lizards
  6 rats
68 creatures vanquished.

Notes
Turn   | Place    | Note
-------+----------+-------------------------------------------
     0 | D:1      | kae the Demonspawn Fighter began the quest for the Orb.
     0 | D:1      | Reached XP level 1. HP: 18/18 MP: 1/1
   280 | D:1      | Gained mutation: You are partially covered in sharp spines.
                  | [demonic ancestry]
   280 | D:1      | Reached XP level 2. HP: 20/24 MP: 2/2
   850 | D:1      | Reached XP level 3. HP: 29/29 MP: 3/3
  1250 | D:2      | Found a blossoming altar of Fedhas.
  1591 | D:2      | Found a glowing golden altar of the Shining One.
  1674 | D:2      | Found a shimmering altar of Xom.
  1787 | D:2      | Gained mutation: You are partially covered in large bone
                  | plates. (SH +4) [demonic ancestry]
  1787 | D:2      | Reached XP level 4. HP: 35/37 MP: 4/4
  2323 | D:3      | Reached XP level 5. HP: 33/42 MP: 5/5
  2504 | D:3      | Found a bloodstained altar of Trog.
  2944 | D:3      | Noticed Grinder
  2955 | D:3      | Paralysed by Grinder for 3 turns
  2968 | D:3      | Paralysed by Grinder for 2 turns
  2975 | D:3      | Paralysed by Grinder for 4 turns
  2980 | D:3      | Paralysed by Grinder for 5 turns
  2996 | D:3      | Killed from afar by Grinder

Illustrated notes

Levels and vault maps discovered:
D:1:      lightli_arrival_chessboard, layout_loops_ring
D:2:      layout_basic, old_standard_altar, lemuel_doored_altar, tso_altar
D:3:      layout_loops_corners, lightli_temple_of_fire, uniq_grinder

Skill      XL: |  1  2  3  4 |
---------------+-------------+-----
Maces & Flails | 2 3 4 |  4.7
Fighting       | 4 |  4.0
Armour         | |  2.6
Shields        | |  2.6

Action                   |  1- 3 |  4- 6 || total
-------------------------+-------+-------++-------
Melee: Flail             |    91 |    91 ||   182
  Use: Scroll            |       |     7 ||     7
       Potion            |       |     4 ||     4
  Eat: Chunk             |     3 |     3 ||     6
Armor: Scale mail        |    33 |    28 ||    61
       Skin              |       |    13 ||    13
Dodge: Dodged            |    26 |    11 ||    37
Block: Kite shield       |    42 |    57 ||    99

Table legend:
 A = Non-vault XP
 B = Vault XP
 C = Vault XP percentage of total XP
 D = Non-vault monster count
 E = Vault monster count
 F = Vault count percentage of total count
                 A         B        C        D         E       F
            +---------+---------+-------+---------+---------+-------
      Total |     295 |       0 |   0.0 |      68 |       0 |   0.0
            +---------+---------+-------+---------+---------+-------
        D:1 |      53 |       0 |   0.0 |      23 |       0 |   0.0
        D:2 |      58 |       0 |   0.0 |      22 |       0 |   0.0
        D:3 |     184 |       0 |   0.0 |      23 |       0 |   0.0
            +---------+---------+-------+---------+---------+-------
